Map: Eternal Empire LE

Players

Crag

  • Race: Terran Terran
  • League: Diamond
  • Spawn Location: 1:00

VOD

Have the link to the VOD?

Description

Time

  • Played on: April 30, 2020, 2:17 p.m.
  • Length: 5:53
Show
View Real Time Build Order
Export as new Build Order

Crag Terran 

Build Orders:  

Get SALT Encoding   

  12  0:01  SCV  
  13  0:18  SCV  
  14  0:24  Supply Depot  
  14  0:35  SCV  
  15  0:41  Refinery  
  15  0:54  SCV  
  16  1:03  Barracks  
  16  1:11  SCV  
  17  1:20  Refinery  
  17  1:28  SCV  
  18  1:45  SCV  
  19  2:11  Factory  
  19  2:18  Orbital Command  
  19  2:21  Barracks Reactor  
  19  2:28  Supply Depot  
  19  2:54  SCV  
  20  3:18  Starport  
  20  3:21  Hellion x2  
  20  3:24  SCV  
  25  3:41  SCV  
  25  3:49  Barracks Tech Lab  
  26  3:51  Hellion x2  
  26  3:55  Supply Depot  
  30  4:08  SCV  
  31  4:25  Hellion x2  
  31  4:28  Banshee  
  38  4:38  Supply Depot  
  38  4:55  Barracks Tech Lab  
  38  5:08  Hellion x2  
  42  5:23  Marauder  
Tags
 
Add a new tag
Caveats
  • Supply blocks, unpowered buildings, or Contaminate may cause inaccurate times.
  • Supply counts are checked every 10 seconds.